 Dungeon Crawl Stone Soup version 0.27.0-1-g7a089689b8 (webtiles) character file.

Game seed: 1015998405233870527

182 Mesmaeker13 the Poker (level 5, 0/47 HPs)
             Began as a Minotaur Gladiator on Aug 5, 2021.
             Succumbed to Terence's poison
             ... on level 4 of the Dungeon.
             The game lasted 00:02:43 (2650 turns).

Mesmaeker13 the Poker (Minotaur Gladiator)          Turns: 2650, Time: 00:02:44

Health: 0/47       AC: 10    Str: 20    XL:     5   Next: 35%
Magic:  2/4        EV:  8    Int:  5    God:
Gold:   75         SH:  0    Dex: 11    Spells: 4/4 levels left

rFire    + . .     SeeInvis .   a - +0 trident
rCold    . . .     Faith    .   (no shield)
rNeg     . . .     Spirit   +   m - +0 chain mail
rPois    .         Reflect  .   c - +0 hat
rElec    .         Harm     .   (no cloak)
rCorr    .         Rampage  .   l - +0 pair of gloves
Will     .....                  (no boots)
Stlth    ..........             i - amulet of guardian spirit
HPRegen  0.15/turn              p - ring of protection from fire
MPRegen  0.09/turn              (no ring)

@: lethally poisoned (0 -> -1), attractive
A: horns 2, retaliatory headbutt
a: no special abilities


You were on level 4 of the Dungeon.
You visited 1 branch of the dungeon, and saw 4 of its levels.

You collected 75 gold pieces.

Inventory:

Hand Weapons
 a - a +0 trident (weapon)
 j - a +6 dagger of flaming
Missiles
 d - 3 throwing nets (quivered)
 k - 15 poisoned darts
Armour
 c - a +0 hat (worn)
 l - a +0 pair of gloves (worn)
 m - a +0 chain mail (worn)
Jewellery
 i - an amulet of guardian spirit (around neck)
 p - a ring of protection from fire (left hand)
Scrolls
 f - a scroll of teleportation {unknown}
 g - a scroll of identify {unknown}
 h - 3 scrolls of noise
 n - a scroll of vulnerability {unknown}
 o - a scroll of enchant armour {unknown}
 q - a scroll of blinking {unknown}


   Skills:
 + Level 4.4 Fighting
 + Level 5.1 Polearms
 - Level 2.0 Throwing
 + Level 3.3 Armour
 - Level 3.2 Dodging


You had 4 spell levels left.
You didn't know any spells.
Your spell library was empty.

Dungeon Overview and Level Annotations

Branches:
Dungeon (4/15)
 Temple: D:4-7

Altars:

Annotations:
D:4 Terence


Innate Abilities, Weirdness & Mutations

You have a pair of horns on your head.
You reflexively headbutt those who attack you in melee.


Message History

* * * LOW HITPOINT WARNING * * *
You feel very sick.
It was a potion of attraction.
You feel attractive to monsters.
* * * LOW HITPOINT WARNING * * *
You feel very sick. Terence barely misses you.
It was a potion of heal wounds.
You feel much better.
You feel very sick.
Terence hits you with a +1 mace of venom.
You are lethally poisoned!
You feel very sick.
* * * LOW HITPOINT WARNING * * *
You feel very sick.
* * * LOW HITPOINT WARNING * * *
You feel very sick.
There is a stone staircase leading down here.
* * * LOW HITPOINT WARNING * * *
You feel sick. Terence screams, "I want your blood!"
Terence closely misses you.
You climb downwards.
An adder comes into view.
* * * LOW HITPOINT WARNING * * *
You feel sick. The adder is pulled toward you!
Found a white potion.
Found a stone staircase leading down.
There is a stone staircase leading up here.
* * * LOW HITPOINT WARNING * * *
You feel sick.
Found a quarterstaff.
* * * LOW HITPOINT WARNING * * *
You feel sick.
You see here a white potion.
* * * LOW HITPOINT WARNING * * *
You feel sick. The adder bites you but does no damage.
* * * LOW HITPOINT WARNING * * *
You feel sick. Terence is pulled toward you!
* * * LOW HITPOINT WARNING * * *
You feel sick. Terence barely misses you.
You die...

## #.## ##...##
##.....##
##......)##
##.........##
#.@.........#
..##...@.......##
#.....S.........##
##...............#
##......!.......##
#.................
#.....>....<.......
#..#................
..###...............


You could see Terence and an adder.

Vanquished Creatures
  Jessica (D:2)
  Natasha (D:3)
  4 gnolls (D:3)
  2 adders (D:2)
  3 worms
  An orc (D:3)
  5 endoplasms
  4 giant cockroaches
  4 goblins
  2 hobgoblins (D:1)
  6 jackals
  3 quokkas
  6 ball pythons
  4 bats
  4 frilled lizards
  8 kobolds
  6 rats
64 creatures vanquished.

Notes
Turn   | Place    | Note
-------+----------+-------------------------------------------
     0 | D:1      | Mesmaeker13 the Minotaur Gladiator began the quest for the
                  | Orb.
     0 | D:1      | Reached XP level 1. HP: 18/18 MP: 0/0
   147 | D:1      | Reached skill level 1 in Armour
   147 | D:1      | Reached XP level 2. HP: 13/25 MP: 1/1
   404 | D:1      | Reached skill level 4 in Polearms
   466 | D:1      | Found a faded altar of an unknown god.
  1016 | D:2      | Reached XP level 3. HP: 31/31 MP: 2/2
  1533 | D:2      | Reached XP level 4. HP: 30/40 MP: 3/3
  1629 | D:2      | Noticed Jessica
  1635 | D:2      | Killed Jessica
  2426 | D:3      | Reached XP level 5. HP: 42/46 MP: 4/4
  2428 | D:3      | Reached skill level 5 in Polearms
  2486 | D:3      | Noticed Natasha
  2494 | D:3      | Killed Natasha
  2629 | D:3      | Noticed Terence
  2648 | D:4      | HP: 2/47 [poisoned by Terence]
  2650 | D:4      | Succumbed to Terence's poison

Illustrated notes

Levels and vault maps discovered:
D:1:      tarquinn_simple_flora_water_e, layout_rooms,
          shapermc_ecumenical_altar_gd, chequers_serial_rivers_small_3,
          glass_columns_a
D:2:      layout_basic, minmay_guardbox, uniq_jessica
D:3:      layout_loops_ring, uniq_sigmund, uniq_terence, uniq_natasha
D:4:      layout_cave_pods, nemelex_diamond_rough_becter, serial_forest,
          infiniplex_forest_straight_4, infiniplex_forest_straight_2,
          infiniplex_forest_lined_2

Skill      XL: |  1  2  3  4  5 |
---------------+----------------+-----
Armour         | 1 2 3 |  3.3
Fighting       | 3 4 |  4.4
Polearms       | 4 5 |  5.1
Throwing       | |  2.0
Dodging        | |  3.2

Action                   |  1- 3 |  4- 6 || total
-------------------------+-------+-------++-------
Melee: Trident           |    99 |    86 ||   185
       Headbutt          |    16 |     8 ||    24
  Use: Scroll            |     1 |       ||     1
       Potion            |       |     2 ||     2
 Stab: Distracted        |       |     1 ||     1
Armor: Leather armour    |     8 |       ||     8
       Ring mail         |    12 |       ||    12
       Chain mail        |     4 |    32 ||    36
Dodge: Dodged            |    41 |    28 ||    69
